AoeStats
← derryjordanweaver

Black Forest

510000739Analyzed
4v4 RM · 5d ago on Sep 29, 2026· 51m 56s· 8 players
Game mode
Random Map
Map size
Large (8 player)
Population
200
Speed
Normal
Resources
Standard
Victory
Conquest
Starting age
Dark Age
Ending age
Imperial Age
RankedLock teamsTeams togetherTeam positionsShared explorationLock speedFull tech treeHidden civsTurbo modeCheats
Victory
Defeat
🇦🇷 Inca · Argentina
906
+6
🇦🇷 Spanish · Argentina
866
+8
🇦🇷 Britons · Argentina
853
+7
🇦🇷 Vietnamese · Argentina
851
+8
🇹🇷 Chinese · Türkiye
793
-11
🇺🇸 Spanish · United States
747
-9
🇩🇪 Britons · Germany
604
-6
🇦🇺 Khmer · Australia
437
-3
derryjordanweaver
0:43 Loom
12:41 Feudal Age
13:25 Double-Bit Axe
13:35 Gold Mining
14:26 Wheelbarrow
14:21 Horse Collar
17:26 Man-at-Arms
18:01 Stone Mining
25:08 Castle Age
24:10 Forging
24:00 Scale Mail Armor
25:18 Town Watch
26:08 Bow Saw
26:35 Stone Shaft Mining
26:20 Hand Cart
26:17 Heavy Plow
27:06 Caravan
27:20 Long Swordsman
27:46 Gambesons
28:02 Squires
28:52 Chain Mail Armor
28:59 Fervor
30:03 Iron Casting
30:08 Masonry
30:09 Fortified Wall
31:32 Herbal Medicine
32:18 Arson
36:45 Imperial Age
35:59 Ballistics
35:35 Murder Holes
36:19 Padded Archer Armor
36:10 Fletching
36:26 Scale Barding Armor
39:23 Chemistry
38:55 Architecture
38:09 Onager
38:23 Two-Handed Swordsman
40:06 Blast Furnace
39:37 Plate Mail Armor
40:41 Two-Man Saw
40:02 Arrowslits
41:06 Conscription
40:57 Champion
43:24 Leather Archer Armor
42:33 Elite Conquistador
43:57 Bodkin Arrow
Heistergand
0:36 Loom
15:04 Feudal Age
16:21 Town Watch
21:35 Forging
23:53 Scale Barding Armor
24:14 Double-Bit Axe
25:29 Horse Collar
31:01 Castle Age
29:04 Gold Mining
29:56 Fletching
31:36 Wheelbarrow
Snobyman
1:01 Loom
19:26 Feudal Age
23:11 Castle Age
21:33 Double-Bit Axe
21:33 Horse Collar
21:48 Gold Mining
22:09 Stone Mining
25:14 Wheelbarrow
25:22 Bow Saw
25:18 Heavy Plow
26:39 Hand Cart
28:32 Stone Shaft Mining
28:33 Gold Shaft Mining
34:08 Imperial Age
34:00 Scale Barding Armor
33:56 Scale Mail Armor
34:07 Forging
33:48 Fletching
33:58 Padded Archer Armor
35:30 Crop Rotation
35:30 Ballistics
39:00 Tusk Swords
38:21 Elite Ballista Elephant
42:32 Double Crossbow
43:41 Conscription
42:52 Sappers
43:57 Hoardings
Carexes
12:37 Feudal Age
14:47 Loom
17:57 Castle Age
17:49 Double-Bit Axe
26:06 Horse Collar
26:50 Bow Saw
32:08 Wheelbarrow
31:23 Town Watch
31:56 Heavy Plow
35:39 Imperial Age
35:06 Gold Mining
35:09 Stone Mining
35:50 Hand Cart
35:36 Town Patrol
35:54 Forging
35:44 Scale Mail Armor
35:34 Fletching
35:45 Padded Archer Armor
36:12 Caravan
36:42 Coinage
38:04 Conscription
37:35 Pikeman
38:16 Squires
40:55 Gold Shaft Mining
40:56 Stone Shaft Mining
39:44 Halberdier
40:54 Elite Fire Lancer
43:54 Bodkin Arrow
44:17 Leather Archer Armor
44:38 Iron Casting
44:19 Chain Mail Armor
45:04 Elite Chu Ko Nu
48:16 Bracer
48:46 Ring Archer Armor
49:17 Blast Furnace
48:47 Plate Mail Armor
49:57 Ballistics
Uhtred
0:30 Loom
12:44 Feudal Age
20:08 Double-Bit Axe
20:41 Fletching
20:36 Horse Collar
23:47 Castle Age
22:39 Padded Archer Armor
22:52 Forging
26:00 Stone Mining
26:04 Gold Mining
31:30 Leather Archer Armor
32:37 Ballistics
32:20 Heavy Plow
32:52 Crossbowman
35:08 Murder Holes
40:17 Imperial Age
39:02 Thumb Ring
39:54 Bodkin Arrow
42:07 Chemistry
42:06 Arbalester
43:05 Bracer
45:27 Bow Saw
45:46 Paper Money
46:10 Wheelbarrow
45:24 Town Watch
46:32 Ring Archer Armor
Onriosh
11:27 Feudal Age
13:01 Loom
18:45 Castle Age
18:21 Gold Mining
19:50 Double-Bit Axe
21:03 Bow Saw
25:08 Horse Collar
26:37 Heavy Plow
27:21 Gold Shaft Mining
32:47 Imperial Age
31:11 Forging
31:02 Scale Mail Armor
31:07 Squires
30:53 Arson
32:53 Iron Casting
33:24 Chain Mail Armor
33:59 Conscription
34:47 Blast Furnace
33:54 Elite Kamayuk
35:35 Plate Mail Armor
37:02 Capped Ram
38:47 Fabric Shields
39:57 Siege Ram
41:28 Siege Engineers
43:24 Crop Rotation
JUSTICIA
1:26 Loom
11:23 Feudal Age
16:41 Castle Age
16:52 Castle Age
15:57 Horse Collar
16:59 Wheelbarrow
24:12 Squires
27:25 Pikeman
33:58 Double-Bit Axe
34:06 Double-Bit Axe
34:17 Horse Collar
37:14 Fletching
37:25 Padded Archer Armor
41:23 Imperial Age
41:06 Yeomen
40:53 Bodkin Arrow
41:00 Scale Mail Armor
41:11 Forging
42:31 Leather Archer Armor
42:17 Bracer
43:20 Ballistics
43:04 Gold Mining
43:52 Capped Ram
45:31 Ring Archer Armor
47:27 Elite Longbowman
48:34 Warwolf
galactus
0:29 Loom
10:30 Feudal Age
13:10 Wheelbarrow
12:23 Horse Collar
13:14 Double-Bit Axe
14:15 Fishing Lines
20:51 Castle Age
25:37 Bow Saw
25:34 Heavy Plow
26:26 Hand Cart
28:34 Gold Mining
28:37 Stone Mining
29:38 Gillnets
33:43 Imperial Age
33:16 Town Watch
33:45 Forging
33:41 Scale Barding Armor
33:27 Fletching
33:38 Padded Archer Armor
33:39 Murder Holes
34:05 Ballistics
35:27 Two-Man Saw
35:47 Chemistry
34:59 Fortified Wall
35:18 Conscription
34:19 Elite Conquistador
36:19 Stone Shaft Mining
38:28 Town Patrol
40:14 Redemption
40:20 Block Printing
41:14 Supremacy
40:55 Inquisition
41:44 Husbandry
41:07 Cavalier
41:58 Bloodlines
42:34 Iron Casting
42:20 Chain Barding Armor
41:56 Bodkin Arrow
42:17 Leather Archer Armor
42:29 Bombard Tower
44:51 Paladin
44:51 Light Cavalry
49:15 Blast Furnace
48:51 Plate Barding Armor
48:17 Bracer
48:48 Ring Archer Armor
48:19 Scale Mail Armor
Connection lost

Rejoining the realm…

Still unreachable

The connection could not be restored.

Session expired

The server has moved on; the page needs a fresh start.